 Dungeon Crawl Stone Soup version 0.24-a0-584-g9d6b971ae4 (webtiles) character file.

Game seed: 14016500042301378275, levelgen mode: deterministic

495 Arang the Chopper (level 6, -2/47 HPs)
             Began as a Demonspawn Gladiator on Sept 3, 2019.
             Slain by Edmund
             ... wielding a +2 dire flail of draining
              (4 damage)
             ... on level 4 of the Dungeon.
             The game lasted 00:09:17 (3853 turns).

Arang the Chopper (Demonspawn Gladiator)            Turns: 3853, Time: 00:09:17

Health: -2/47      AC: 11    Str: 17    XL:     6   Next: 92%
Magic:  15/15      EV:  6    Int:  9    God:
Gold:   116        SH:  0    Dex: 14    Spells: 5/5 levels left

rFire    . . .     SeeInvis .   a - +2 hand axe (chop)
rCold    . . .     Gourm    .   (no shield)
rNeg     . . .     Faith    .   v - +0 plate armour
rPois    .         Spirit   .   y - +0 helmet
rElec    .         Reflect  .   (no cloak)
rCorr    .         Harm     .   (no gloves)
MR       +....                  (no boots)
Stlth    ..........             (no amulet)
HPRegen  0.15/turn              l - ring of protection from magic (curse)
MPRegen  0.14/turn              A - ring of magical power

@: very heavily drained
A: repulsion field 1, nightstalker 2
a: no special abilities


You were on level 4 of the Dungeon.
You were not hungry.

You visited 1 branch of the dungeon, and saw 4 of its levels.

You collected 116 gold pieces.

Inventory:

Hand Weapons
 a - a +2 hand axe of chopping (weapon)
 m - a +0 spear
 B - a +0 war axe
Missiles
 d - 2 throwing nets
 i - 106 stones
 q - 17 poisoned darts (quivered)
Armour
 b - a +0 leather armour
 c - a +0 helmet
 v - a +0 plate armour (worn)
 y - a +0 helmet (worn)
 D - a +0 leather armour of cold resistance
Jewellery
 l - a cursed ring of protection from magic (left hand)
 A - a ring of magical power (right hand)
Wands
 E - a wand of digging (8)
 G - a wand of disintegration (4)
Scrolls
 e - 4 scrolls of magic mapping {unknown}
 g - a scroll of enchant armour {unknown}
 h - a scroll of random uselessness {unknown}
 j - 4 scrolls of remove curse {unknown}
 k - a scroll of fear {unknown}
 n - 3 scrolls of identify {unknown}
 o - a scroll of immolation {unknown}
 s - 2 scrolls of amnesia {unknown}
 u - a scroll of noise {unknown}
 x - a scroll of enchant weapon {unknown}
Potions
 p - a potion of lignification {unknown}
 r - 2 potions of flight {unknown}
 t - 2 potions of curing
 w - a potion of brilliance {unknown}
 z - a potion of magic {unknown}
 F - a potion of heal wounds {unknown}
Comestibles
 f - 9 rations
 C - a chunk of flesh


   Skills:
 + Level 3.3(0.0) Fighting
 + Level 5.1(1.4) Axes
 * Level 3.0(0.0) Throwing
 * Level 3.1(0.0) Armour
 - Level 2.6(0.0) Dodging


You had 5 spell levels left.
You didn't know any spells.
Your spell library was empty.

Dungeon Overview and Level Annotations

Branches:
Dungeon (4/15)
 Temple: D:4-7

Altars:
Cheibriados
Hepliaklqana

Annotations:
D:1 exclusion: downstairs
D:4 Edmund


Innate Abilities, Weirdness & Mutations

You are surrounded by a mild repulsion field. (EV +2)
You are significantly more attuned to the shadows.


Message History

Your plate armour prevents you from hitting Edmund.
Edmund is severely wounded.
Edmund closely misses you. Edmund hits you but does no damage.
You feel drained.
You closely miss Edmund.
Edmund is severely wounded.
Edmund hits you with a +2 dire flail of draining.
* * * LOW HITPOINT WARNING * * *
You feel drained.
* * * LOW HITPOINT WARNING * * *
You hit Edmund.
Edmund is severely wounded.
Edmund hits you but does no damage.
You feel drained.
You closely miss Edmund.
Edmund is severely wounded.
Edmund hits you but does no damage.
You feel drained.
You slash Edmund!
Edmund is almost dead.
Edmund hits you with a +2 dire flail of draining.
You die...

#..#.. ...
#..#.##.##.#
#..#.#...#.#
#......_...
#.##.#...# #
#. #.##.##.#
#. #.......#
#.
####.####..
#.@@....
.....#.....
.....#.....
.....#.....
.....#.....
##### #>...


You could see Edmund.

Vanquished Creatures
  Grinder (D:3)
  2 orc priests (D:3)
  Ijyb (D:4)
  Terence (D:3)
  Robin (D:3)
  3 gnolls
  3 adders
  2 worms (D:2)
  2 dart slugs
  4 leopard geckos
  12 orcs (D:3)
  9 giant cockroaches
  19 goblins
  6 hobgoblins
  6 jackals
  A quokka (D:2)
  6 bats
  3 frilled lizards
  11 kobolds
  3 rats
96 creatures vanquished.

Notes
Turn   | Place    | Note
-------+----------+-------------------------------------------
     0 | D:1      | Arang the Demonspawn Gladiator began the quest for the Orb.
     0 | D:1      | Reached XP level 1. HP: 16/16 MP: 1/1
   428 | D:1      | Reached skill level 3 in Axes
   428 | D:1      | Gained mutation: You are surrounded by a mild repulsion
                  | field. (EV +2) [demonic ancestry]
   428 | D:1      | Reached XP level 2. HP: 22/22 MP: 2/2
  1081 | D:1      | Reached skill level 1 in Armour
  1081 | D:1      | Reached XP level 3. HP: 20/28 MP: 3/3
  1971 | D:1      | Gained mutation: You are slightly more attuned to the
                  | shadows. [demonic ancestry]
  1971 | D:1      | Reached XP level 4. HP: 34/34 MP: 4/4
  2397 | D:3      | Noticed Terence
  2398 | D:3      | Noticed Robin
  2474 | D:3      | Reached skill level 4 in Axes
  2477 | D:3      | Gained mutation: You are significantly more attuned to the
                  | shadows. [demonic ancestry]
  2477 | D:3      | Reached XP level 5. HP: 40/40 MP: 5/5
  2484 | D:3      | Killed Robin
  2509 | D:3      | Killed Terence
  2773 | D:3      | Noticed Grinder
  2779 | D:3      | Paralysed by Grinder for 7 turns
  2788 | D:3      | HP: 2/41 [Grinder (4)]
  3240 | D:3      | Killed Grinder
  3240 | D:3      | Reached skill level 5 in Axes
  3240 | D:3      | Reached XP level 6. HP: 13/47 MP: 6/6
  3712 | D:4      | Noticed Ijyb
  3715 | D:4      | Found a hazy altar of Hepliaklqana.
  3730 | D:4      | Killed Ijyb
  3828 | D:4      | Found a snail-covered altar of Cheibriados.
  3834 | D:4      | Noticed Edmund
  3850 | D:4      | HP: 2/47 [Edmund/+2 dire flail of draining (1)]
  3853 | D:4      | Slain by Edmund

Levels and vault maps discovered:
D:1:      dpeg_arrival_boxorama, layout_basic
D:2:      layout_loops_cross, st_stairs_12
D:3:      layout_basic, uniq_grinder, uniq_terence, uniq_robin
D:4:      layout_gridville, yredelemnul_forgotten_temple_becter,
          nicolae_overflow_crystal_walls, overflow_temple_1_default,
          overflow_temple_1_default, serial_shops, shop, uniq_ijyb, uniq_edmund,
          uniq_natasha

Skill      XL: |  1  2  3  4  5  6 |
---------------+-------------------+-----
Axes           | 3 4 5 |  5.1
Armour         | 1 2 3 |  3.1
Throwing       | 2 3 |  3.0
Fighting       | 3 |  3.3
Dodging        | |  2.6

Action                   |  1- 3 |  4- 6 || total
-------------------------+-------+-------++-------
Melee: War axe           |   112 |   141 ||   253
       Hand axe          |       |    67 ||    67
Throw: Dart              |     6 |     3 ||     9
       Throwing net      |     1 |       ||     1
  Use: Potion            |       |     1 ||     1
 Stab: Held in net/web   |     1 |       ||     1
       Sleeping          |     1 |       ||     1
  Eat: Chunk             |     3 |     7 ||    10
Armor: Leather armour    |    51 |       ||    51
       Plate armour      |     1 |   191 ||   192
Dodge: Dodged            |   160 |    84 ||   244

Table legend:
 A = Non-vault XP
 B = Vault XP
 C = Vault XP percentage of total XP
 D = Non-vault monster count
 E = Vault monster count
 F = Vault count percentage of total count
                 A         B        C        D         E       F
            +---------+---------+-------+---------+---------+-------
      Total |     312 |     396 |  55.9 |      78 |      18 |  18.8
            +---------+---------+-------+---------+---------+-------
        D:1 |      75 |       0 |   0.0 |      29 |       0 |   0.0
        D:2 |      59 |       8 |  11.9 |      15 |       4 |  21.1
        D:3 |     172 |     352 |  67.2 |      32 |      13 |  28.9
        D:4 |       6 |      36 |  85.7 |       2 |       1 |  33.3
            +---------+---------+-------+---------+---------+-------
